 Dungeon Crawl Stone Soup version 0.25-a0-504-g768f60da87 (console) character file.

Game seed: 9839065899548439080, levelgen mode: deterministic

45 Ignak the Magician (level 3, -1/26 HPs)
             Began as a Mummy Wizard on Feb 14, 2020.
             Slain by a kobold
             ... wielding a +2 whip of electrocution
              (2 damage)
             ... on level 3 of the Dungeon.
             The game lasted 00:09:03 (2106 turns).

Ignak the Magician (Mummy Wizard)                   Turns: 2106, Time: 00:09:05

Health: -1/26      AC:  3    Str: 10    XL:     3   Next: 42%
Magic:  0/8        EV: 12    Int: 18    God:
Gold:   83         SH:  0    Dex: 10    Spells: 2/10 levels left

rFire    x . .     SeeInvis .   d - +0 spear
rCold    + . .     Gourm    .   (no shield)
rNeg     + + +     Faith    .   a - +0 robe
rPois    ∞         Spirit   .   b - +0 hat
rElec    .         Reflect  .   (no cloak)
rCorr    .         Harm     .   (no gloves)
MR       .....                  i - +0 pair of boots (curse)
Stlth    ++........             (no amulet)
HPRegen  0.08/turn              (no ring)
MPRegen  0.11/turn              (no ring)

@: very slightly contaminated
A: no food or potions, fire vulnerability, cold resistance 1, negative energy
resistance 3, torment resistance, unbreathing
a: no special abilities


You were on level 3 of the Dungeon.
You were not hungry.

You visited 1 branch of the dungeon, and saw 3 of its levels.

You collected 83 gold pieces.

Inventory:

Hand Weapons
 d - a +0 spear (weapon)
Armour
 a - a +0 robe (worn)
 b - a +0 hat (worn)
 i - a cursed +0 pair of boots (worn)
Scrolls
 c - a scroll of identify {unknown}
 e - 2 scrolls of remove curse {unknown}
 f - a scroll of amnesia {unknown}
 g - a scroll of noise {unknown}
 h - a scroll of enchant weapon {unknown}


   Skills:
 + Level 1.3 Fighting
 + Level 2.1 Dodging
 - Level 1.5 Stealth
 + Level 4.3 Spellcasting
 + Level 1.3 Conjurations
 - Level 1.0 Summonings
 - Level 1.0 Translocations


You had 2 spell levels left.
You knew the following spells:

 Your Spells              Type           Power        Failure   Level  Hunger
a - Magic Dart            Conj           #...         9%          1    N/A
b - Blink                 Tloc           N/A          14%         2    N/A
d - Mephitic Cloud        Conj/Pois/Air  #.......     34%         3    N/A
e - Call Imp              Summ           #.......     14%         2    N/A

Your spell library contained the following spells:

 Spells                   Type           Power        Failure   Level  Hunger
 Sandblast                Erth           #.....       14%         1    N/A
 Passwall                 Tmut/Erth      #.......     22%         2    N/A
 Slow                     Hex            #.......     22%         2    N/A
 Conjure Flame            Conj/Fire      #.......     32%         3    N/A
 Stone Arrow              Conj/Erth      #.....       32%         3    N/A
 Petrify                  Tmut/Erth      #.......     80%         4    N/A
 Lee's Rapid Deconstruct  Erth           #.........   98%         5    N/A

Dungeon Overview and Level Annotations

Branches:
Dungeon (3/15)

Altars:
Uskayaw


Innate Abilities, Weirdness & Mutations

You do not eat or drink.
Your flesh is vulnerable to fire.
You are immune to poison.
Your flesh is cold resistant. (rC+)
You are immune to negative energy. (rN+++)
You are immune to unholy pain and torment.
You can survive without breathing.


Message History

Casting: Magic Dart (safe; 9% risk of failure)
Confirm with . or Enter, or press ? or * to list all spells.
Aiming: Magic Dart (safe; 9% risk of failure)
Press: ? - help, Shift-Dir - straight line, f - kobold
Aim: a kobold, wielding a +2 whip of electrocution and quivering a stone You miscast Magic Dart.
You are very lightly contaminated with residual magic.
Nothing appears to happen.
The kobold throws a stone.
The stone hits you but does no damage.
You start resting.
The kobold is too close now for your liking.
The kobold hits you with a +2 whip of electrocution.
You are electrocuted!!
Ouch! That really hurt!
* * * LOW HITPOINT WARNING * * *
Casting: Magic Dart (safe; 9% risk of failure)
Confirm with . or Enter, or press ? or * to list all spells.
A beastly little devil appears in a puff of flame.
The kobold hits you with a +2 whip of electrocution.
You die...

..#######
..>....###
##+#..##....#######
......#.....††....#
......#...(K5####.#
.....<..((.#@# #.#
........(..#.# #.#
####......#.# #.#
#...##.#.# #.#
#.†.##.#%# #.#
#.#.##.#.# #.#
..#..#.#.# #.#
...##. .#.# #.# ...
. #.# #.#


You could see a kobold and a friendly crimson imp.

Vanquished Creatures
  3 leopard geckos
  3 bats
  2 giant cockroaches
  3 goblins
  3 hobgoblins
  5 frilled lizards
  6 kobolds (D:1)
  3 rats
28 creatures vanquished.

Vanquished Creatures (collateral kills)
  2 adders
  A hobgoblin (D:2)
  3 frilled lizards
  A kobold (D:2)
  2 rats (D:1)
9 creatures vanquished.

Grand Total: 37 creatures vanquished

Notes
Turn   | Place    | Note
-------+----------+-------------------------------------------
     0 | D:1      | Ignak the Mummy Wizard began the quest for the Orb.
     0 | D:1      | Reached XP level 1. HP: 13/13 MP: 5/5
   205 | D:1      | Reached skill level 1 in Conjurations
   223 | D:1      | Reached XP level 2. HP: 15/20 MP: 1/7
   402 | D:1      | Learned a level 2 spell: Blink
   405 | D:1      | Learned a level 2 spell: Call Imp
   663 | D:1      | Reached skill level 1 in Fighting
  1226 | D:2      | Reached skill level 1 in Summonings
  1582 | D:2      | Found a hide-covered altar of Uskayaw.
  1663 | D:2      | Reached XP level 3. HP: 26/26 MP: 0/8
  1668 | D:2      | Learned a level 3 spell: Mephitic Cloud
  1761 | D:2      | Reached skill level 1 in Translocations
  2105 | D:3      | HP: 1/26 [kobold/+2 whip of electrocution (20)]
  2106 | D:3      | Slain by a kobold

Levels and vault maps discovered:
D:1:      ncdulo_halloftheorcs, layout_basic, hangedman_decor_riveting,
          kennysheep_boxes
D:2:      layout_basic, eat_drink_and_be_merry_uskayaw, minmay_misc_feat_iff
D:3:      layout_basic, minmay_misc_feat_more_columns

Skill      XL: |  1  2  3 |
---------------+----------+-----
Conjurations   | 1 |  1.3
Fighting       | 1 |  1.3
Summonings     | 1 |  1.0
Dodging        | 2 |  2.1
Translocations | 1 |  1.0
Stealth        | |  1.5
Spellcasting   | |  4.3

Action                   || total
-------------------------++-------
Melee: Spear             ||    50
       Unarmed           ||     1
 Cast: Magic Dart        ||    35
       Call Imp          ||    16
 Stab: Sleeping          ||     2
Armor: Robe              ||    16
Dodge: Dodged            ||    51

Table legend:
 A = Non-vault XP
 B = Vault XP
 C = Vault XP percentage of total XP
 D = Non-vault monster count
 E = Vault monster count
 F = Vault count percentage of total count
                 A         B        C        D         E       F
            +---------+---------+-------+---------+---------+-------
      Total |      65 |       0 |   0.0 |      37 |       0 |   0.0
            +---------+---------+-------+---------+---------+-------
        D:1 |      31 |       0 |   0.0 |      22 |       0 |   0.0
        D:2 |      21 |       0 |   0.0 |      12 |       0 |   0.0
        D:3 |      13 |       0 |   0.0 |       3 |       0 |   0.0
            +---------+---------+-------+---------+---------+-------
